 Dungeon Crawl Stone Soup version 0.31-a0-155-gb63f529262 (webtiles) character file.

Game seed: 14152274991563110921

721 Ijustatesigmund the Stinger (level 7, 0/43 HPs)
             Began as an Octopode Venom Mage on June 12, 2023.
             Slain by a killer bee (2 damage)
             ... on level 6 of the Dungeon.
             The game lasted 00:13:06 (6360 turns).

Ijustatesigmund the Stinger (Octopode Venom Mage)   Turns: 6360, Time: 00:13:07

Health: 0/43       AC:  1    Str:  8    XL:     7   Next: 71%
Magic:  9/13       EV: 13    Int: 19    God:
Gold:   199        SH:  0    Dex: 12    Spells: 4/14 levels left

rFire   . . .        q - +2 halberd (flame)
rCold   . . .        (shield currently unavailable)
rNeg    . . .        (helmet restricted)
rPois   .            (no amulet)
rElec   .            (no ring)
rCorr   .            (no ring)
SInv    .            (no ring)
Will    .....        (no ring)
Stlth   +++          (no ring)
HPRegen 0.27/turn    (no ring)
MPRegen 0.13/turn    (no ring)
                     (no ring)

%: no passive effects
@: lethally poisoned (0 -> -8), radiating poison
A: almost no armour, amphibious, 8 rings, camouflage 1, gelatinous body 1,
(nimble swimmer 1), tentacles
a: no special abilities


You were on level 6 of the Dungeon.
You visited 2 branches of the dungeon, and saw 7 of its levels.

You collected 199 gold pieces.

Inventory:

Hand Weapons
 l - a +0 mace
 q - a +2 halberd of flaming (weapon)
Missiles
 j - a curare-tipped dart (quivered)
Jewellery
 d - a ring of willpower
Wands
 b - a wand of light (7)
 o - a wand of roots (5)
 t - a wand of flame (17)
Scrolls
 f - a scroll of immolation
 i - 2 scrolls of teleportation
 r - a scroll of identify
 s - a scroll of silence {unknown}
Potions
 a - a potion of magic
 c - a potion of mutation
 e - 2 potions of might
 g - 2 potions of curing
 h - a potion of attraction {unknown}
 k - 2 potions of resistance {unknown}
 m - a potion of brilliance {unknown}
 n - a potion of cancellation {unknown}
 p - a potion of ambrosia {unknown}


   Skills:
 - Level 1.2 Fighting
 - Level 2.0 Dodging
 - Level 2.6 Stealth
 - Level 4.0 Spellcasting
 + Level 3.8 Conjurations
 + Level 2.2 Transmutations
 - Level 3.3 Air Magic
 - Level 5.8 Poison Magic


You had 4 spell levels left.
You knew the following spells:

 Your Spells              Type           Power      Damage    Failure   Level
a - Sting                 Tmut/Pois      76%        1d6       2%          1
b - Poisonous Vapours     Pois/Air       42%        N/A       3%          2
c - Mephitic Cloud        Conj/Pois/Air  20%        N/A       7%          3
d - Olgreb's Toxic Radia  Pois           26%        N/A       12%         4

Your spell library contained the following spells:

 Spells                   Type           Power      Damage    Failure   Level
 Sublimation of Blood     Necr           3%         N/A       21%         2
 Gell's Gravitas          Tloc           3%         N/A       38%         3
 Teleport Other           Tloc           3%         N/A       38%         3
 Petrify                  Tmut/Erth      8%         N/A       65%         4
 Irradiate                Conj/Tmut      7%         3d14      73%         5
 Dispersal                Tloc           1%         N/A       100%        6


Dungeon Overview and Level Annotations

Branches:
Dungeon (6/15)             Temple (1/1) D:5

Altars:
Cheibriados
Dithmenos
Fedhas
Gozag
Kikubaaqudgha
Qazlal
Ru
Sif Muna
Uskayaw
Xom
Yredelemnul

Shops:
D:3 =

Annotations:
D:6 Maggie


Innate Abilities, Weirdness & Mutations

You cannot wear most types of armour.
You are amphibious.
You can wear up to eight rings at the same time.
Your skin changes colour to match your surroundings (Stealth+).
Your rubbery body absorbs attacks. (AC +1, EV +1)
((You are camouflaged when in or above water. (Stealth+)))
You have tentacles for arms and can constrict up to eight enemies at once.


Message History

Casting: Olgreb's Toxic Radiance (quite dangerous; 12% risk of failure)
Confirm with . or Enter, or press ? or * to list all spells.
The spell is quite dangerous to miscast (12% risk of failure)!
Continue anyway? [Y]es or [N]o only, please.
The spell is quite dangerous to miscast (12% risk of failure)!
Continue anyway?
You miscast Olgreb's Toxic Radiance.
You are very lightly contaminated with residual magic.
Nothing appears to happen.
Unknown command.
The killer bee buzzes angrily. x2
You climb upwards.
There is a stone staircase leading down here.
You start resting.
Your magical contamination has completely faded away.
You start resting.
Magic restored.
You climb downwards.
Level annotation: Maggie The killer bee stings you.
The killer bee stings you! The killer bee closely misses you.
The killer bee stings you!
You are poisoned.
The killer bee poisons you! The killer bee stings you!
The killer bee completely misses you.
There is a stone staircase leading up, spattered with blood here.
Okay, then.
Casting: Olgreb's Toxic Radiance (quite dangerous; 12% risk of failure)
Confirm with . or Enter, or press ? or * to list all spells.
The spell is quite dangerous to miscast (12% risk of failure)!
Continue anyway? [Y]es or [N]o only, please.
The spell is quite dangerous to miscast (12% risk of failure)!
Continue anyway?
You begin to radiate toxic energy.
The killer bee is poisoned. x3
The killer bee buzzes angrily.
The killer bee is poisoned.
The white imp shouts, "Begone, thou goatish beetle-headed serf!"
The killer bee looks even sicker. x3
You feel very sick. The killer bee stings you!
* * * LOW HITPOINT WARNING * * *
The killer bee stings you.
You die...

.... ....
...y.
..y5.#
......###
........##
......y..##
.......@..#
......y...#
....####..#
.## #..#
..# ..# ##


You could see 4 killer bees and a white imp.

Vanquished Creatures
  An ogre (D:4)
  Blork the orc (D:5)
  A scorpion (D:6)
  A hound (D:5)
  2 gnoll boudas (D:4)
  2 orc priests
  Jessica (D:2)
  3 iguanas (D:5)
  An orc wizard (D:4)
  10 gnolls
  3 adders
  2 white imps (D:5)
  3 dart slugs
  9 orcs
  12 endoplasms
  3 giant cockroaches
  4 goblins
  8 hobgoblins
  5 jackals (D:3)
  6 quokkas
  7 ball pythons
  5 bats
  2 frilled lizards (D:1)
  2 kobolds
  6 rats
100 creatures vanquished.

Vanquished Creatures (others)
  An endoplasm (D:3)
1 creature vanquished.

Grand Total: 101 creatures vanquished

Notes
Turn   | Place    | Note
-------+----------+-------------------------------------------
     0 | D:1      | Ijustatesigmund the Octopode Venom Mage began the quest for
                  | the Orb.
     0 | D:1      | Reached XP level 1. HP: 11/11 MP: 3/3
   173 | D:1      | Reached XP level 2. HP: 16/18 MP: 3/5
   364 | D:1      | Reached skill level 1 in Fighting
   473 | D:1      | Reached skill level 4 in Poison Magic
   789 | D:1      | Learned a level 2 spell: Poisonous Vapours
   820 | D:1      | Reached XP level 3. HP: 23/23 MP: 3/6
   824 | D:1      | Learned a level 3 spell: Mephitic Cloud
  1243 | D:1      | Found a faded altar of an unknown god.
  1678 | D:2      | Noticed Jessica
  1686 | D:2      | Killed Jessica
  1687 | D:2      | Reached skill level 1 in Conjurations
  1687 | D:2      | Reached skill level 1 in Air Magic
  1687 | D:2      | Reached XP level 4. HP: 28/28 MP: 2/8
  2740 | D:3      | Found Soruqi's Jewellery Shoppe.
  3224 | D:3      | Found a stormy altar of Qazlal.
  3385 | D:3      | Found a shadowy altar of Dithmenos.
  3569 | D:4      | Noticed an ogre
  3575 | D:4      | Killed an ogre
  3576 | D:4      | Reached skill level 5 in Poison Magic
  3576 | D:4      | Reached XP level 5. HP: 33/33 MP: 7/9
  3736 | D:4      | Reached XP level 6. HP: 36/38 MP: 1/11
  3918 | D:3      | Learned a level 4 spell: Olgreb's Toxic Radiance
  4743 | D:5      | Entered Level 5 of the Dungeon
  4801 | D:5      | Reached XP level 7. HP: 43/43 MP: 7/12
  4844 | D:5      | Noticed Blork the orc
  4894 | D:5      | Killed Blork the orc
  5452 | D:5      | Found a staircase to the Ecumenical Temple.
  5823 | Temple   | Entered the Ecumenical Temple
  6098 | D:6      | Noticed Maggie
  6360 | D:6      | HP: 2/43 [killer bee (9)]
  6360 | D:6      | Slain by a killer bee

Illustrated notes

Levels and vault maps discovered:
D:1:      tarquinn_simple_flora_water_e, layout_loops_corners,
          chequers_ecumenical_altar_grove
D:2:      layout_basic, uniq_jessica
D:3:      layout_rooms, grunt_qazlal_clouds, nicolae_dithmenos_shadow_blocks,
          serial_shops, shop
D:4:      layout_gridville
D:5:      layout_basic, minmay_temple_entry_tees, uniq_blork_the_orc
D:6:      minmay_cornered_nines, layout_layer_cave,
          nicolae_overflow_hallway_of_the_gods, uniq_maggie
Temple:   compressed_dpeg_triangle_lava_temple

Skill      XL: |  1  2  3  4  5  6  7 |
---------------+----------------------+-----
Fighting       | 1 |  1.2
Poison Magic   | 4 5 |  5.8
Conjurations   | 1 2 3 |  3.8
Air Magic      | 1 2 3 |  3.3
Spellcasting   | 3 4 |  4.0
Transmutations | 2 |  2.2
Dodging        | |  2.0
Stealth        | |  2.6

Action                     |  1- 3 |  4- 6 |  7- 9 || total
---------------------------+-------+-------+-------++-------
  Melee: Unarmed           |    42 |       |       ||    42
         Constrict         |    17 |    17 |     2 ||    36
         Tentacles         |    11 |    10 |     3 ||    24
         Mace              |       |    44 |       ||    44
         Halberd           |       |    25 |    23 ||    48
         Punch             |       |       |     1 ||     1
  Throw: Dart              |       |     8 |     5 ||    13
   Cast: Sting             |    26 |    23 |     2 ||    51
         Poisonous Vapours |    12 |    30 |     9 ||    51
         Mephitic Cloud    |       |     3 |     2 ||     5
         Olgreb's Toxic Ra |       |     1 |     4 ||     5
  Evoke: Wand              |       |     3 |       ||     3
    Use: Scroll            |       |     8 |       ||     8
   Stab: Sleeping          |     1 |       |     4 ||     5
         Confused          |       |       |     1 ||     1
 Armour: Skin              |       |     5 |     1 ||     6
  Dodge: Dodged            |    20 |    65 |    11 ||    96

Table legend: (Time is in decaauts)
 A = Elapsed time spent in this place.
 B = Non-inter-level travel time spent in this place.
 C = Inter-level travel time spent in this place.
 D = Time resting spent in this place.
 E = Time spent auto-exploring this place.
 F = Levels seen in this place.
 G = Mean time per level.
                   A        B        C        D        E       F      G
               +--------+--------+--------+--------+--------+-----+--------+
         Total |   6402 |   6204 |    198 |   1536 |   3984 |   7 |  914.6 |
       Dungeon |   6161 |   5968 |    193 |   1536 |   3755 |   6 | 1026.8 |
        Temple |    240 |    236 |      4 |      0 |    229 |   1 |  240.0 |
               +--------+--------+--------+--------+--------+-----+--------+

Top non-repeatable levels by time:
     D:2: 1407 daAuts
     D:5: 1378 daAuts
     D:1: 1337 daAuts
     D:4: 1127 daAuts
     D:3: 897 daAuts
  Temple: 240 daAuts
     D:6: 14 daAuts
